 Dungeon Crawl Stone Soup version 0.29.1-12-g30fa7ad0bf (webtiles) character file.

Game seed: 262836951842701545

235 wormed the Firebug (level 6, 0/44 HPs)
             Began as a Gnoll Fire Elementalist on Dec 25, 2022.
             Slain by a gnoll
             ... wielding a +0 club
             ... led by a gnoll bouda
              (5 damage)
             ... on level 7 of the Dungeon.
             The game lasted 00:05:19 (4205 turns).

wormed the Firebug (Gnoll Fire Elementalist)        Turns: 4205, Time: 00:05:19

Health: 0/44       AC:  2    Str:  8    XL:     6   Next: 6%
Magic:  10/14      EV: 14    Int: 16    God:
Gold:   180        SH:  0    Dex: 18    Spells: 12/15 levels left

rFire   + . .      SeeInvis .   g - staff of fire
rCold   . . .      Faith    .   (no shield)
rNeg    . . .      Spirit   .   a - +0 robe
rPois   +          Reflect  .   (no helmet)
rElec   .          Harm     .   (no cloak)
rCorr   .          Rampage  .   (no gloves)
Will    .....                   (no boots)
Stlth   +++.......              (no amulet)
HPRegen 0.14/turn               c - ring of poison resistance
MPRegen 0.14/turn               f - +6 ring of dexterity

@: no status effects
A: fangs 1, strong nose, distributed training
a: no special abilities


You were on level 7 of the Dungeon.
You visited 2 branches of the dungeon, and saw 6 of its levels.

You collected 180 gold pieces.

Inventory:

Hand Weapons
 e - a +0 rapier
Armour
 a - a +0 robe (worn)
Magical Staves
 g - a staff of fire (weapon)
Jewellery
 c - a ring of poison resistance (left hand)
 f - a +6 ring of dexterity (right hand)
 s - a ring of wizardry
Scrolls
 d - 5 scrolls of teleportation {unknown}
 m - a scroll of summoning {unknown}
 n - a scroll of enchant armour {unknown}
 o - a scroll of immolation {unknown}
 q - a scroll of amnesia {unknown}
 r - a scroll of poison {unknown}
 t - a scroll of identify {unknown}
 v - a scroll of enchant weapon {unknown}
Potions
 b - a potion of magic
 h - a potion of brilliance {unknown}
 i - a potion of lignification {unknown}
 j - 2 potions of attraction {unknown}
 k - 2 potions of curing {unknown}
 l - 3 potions of haste {unknown}
 p - 2 potions of heal wounds {unknown}
 u - a potion of degeneration {unknown}


   Skills:
 + Level 1.8 Fighting
 + Level 1.8 Short Blades
 + Level 1.8 Long Blades
 + Level 1.8 Axes
 + Level 1.8 Maces & Flails
 + Level 1.8 Polearms
 + Level 1.8 Staves
 + Level 1.8 Ranged Weapons
 + Level 1.8 Throwing
 + Level 1.8 Armour
 + Level 4.9 Dodging
 + Level 4.5 Stealth
 + Level 1.8 Shields
 + Level 1.8 Unarmed Combat
 + Level 5.3 Spellcasting
 + Level 2.6 Conjurations
 + Level 1.4 Hexes
 + Level 1.4 Summonings
 + Level 1.4 Necromancy
 + Level 1.4 Translocations
 + Level 1.4 Transmutations
 + Level 5.6 Fire Magic
 + Level 1.4 Ice Magic
 + Level 1.4 Air Magic
 + Level 1.4 Earth Magic
 + Level 1.4 Poison Magic
 + Level 2.0 Invocations
 + Level 1.8 Evocations


You had 12 spell levels left.
You knew the following spells:

 Your Spells              Type           Power      Damage    Failure   Level
a - Foxfire               Conj/Fire      100%       2x1d9     2%          1
b - Scorch                Fire           66%        2d8       2%          2

Your spell library contained the following spells:

 Spells                   Type           Power      Damage    Failure   Level
 Sting                    Tmut/Pois      32%        1d4       9%          1
 Conjure Flame            Conj/Fire      26%        6-21      9%          3
 Inner Flame              Hex/Fire       23%        N/A       11%         3
 Poisonous Vapours        Pois/Air       16%        N/A       12%         2
 Flame Wave               Conj/Fire      26%        2d8       26%         4
 Olgreb's Toxic Radiance  Pois           8%         N/A       63%         4


Dungeon Overview and Level Annotations

Branches:
Dungeon (4/15)             Temple (1/1) D:4

Altars:
Ashenzari
Cheibriados
Dithmenos
Elyvilon
Fedhas
Hepliaklqana
Makhleb
Nemelex Xobeh
Okawaru
Qazlal
Ru
Trog
Uskayaw
Wu Jian
Yredelemnul
Zin
The Shining One


Innate Abilities, Weirdness & Mutations

You have very sharp teeth.
Your uncanny sense of smell can sniff out nearby items.
Your experience applies equally to all skills.


Message History

There is a shaft here.
The gnoll hits you from afar with a +0 halberd!
* * * LOW HITPOINT WARNING * * *
The gnoll falls through a shaft!
The shaft crumbles and collapses.
Found 3 stones. 2 gnolls come into view.
Found 16 gold pieces.
The gnoll shouts!
A gnoll comes into view. It is wielding a +0 halberd.
A gnoll comes into view. It is wielding a +0 club.
A gnoll bouda and a gnoll come into view.
Found a hide-covered altar of Uskayaw.
The gnoll shouts! x2; You hear an angry hiss.
An iguana comes into view.
The gnoll misses you. The gnoll closely misses you.
The gnoll attacks as you move away! The gnoll closely misses you.
The gnoll completely misses you. The gnoll attacks as you move away!
The gnoll closely misses you.
Found a runed hat.
Found a stone staircase leading down.
The iguana attacks as you move away! The iguana barely misses you.
Found a bubbling ruby potion.
The gnoll attacks as you move away! The gnoll hits you with a +0 club.
* * * LOW HITPOINT WARNING * * *
The gnoll attacks as you move away! The gnoll hits you but does no damage.
An orc comes into view. It is wielding a +0 club.
The iguana hisses menacingly.
The iguana closely misses you. The iguana attacks as you move away!
The iguana barely misses you.
The orc shouts!
The gnoll attacks as you move away! The gnoll hits you with a +0 club.
* * * LOW HITPOINT WARNING * * *
The gnoll attacks as you move away! The gnoll barely misses you.
Found 16 gold pieces.
The gnoll attacks as you move away! The gnoll completely misses you.
A centaur comes into view.
The orc hits you with a +0 club.
* * * LOW HITPOINT WARNING * * *
The gnoll attacks as you move away! The gnoll hits you with a +0 club.
You die...

##...#..#.#..##((.
#......##....#(#(#
##....>.......#((#.
###......g.#....#(#.#
#.#.......#g....##(..
#......g.........####
#.........##.[#......
#....l....#..........
#...@ggg.............
#....o.........#..!..
#.............##....
#.............. ..
#..###......... #..
......... ... ....$..
.... c.....


You could see a centaur (wandering), an iguana, 6 gnolls and an orc.

Vanquished Creatures
  A gnoll sergeant (D:7)
  A howler monkey (D:4)
  3 gnolls
  3 adders
  5 dart slugs
  2 orcs
  9 endoplasms
  5 giant cockroaches
  5 goblins
  6 hobgoblins
  3 jackals (D:4)
  6 kobolds
  2 quokkas
  6 ball pythons
  3 bats
  A frilled lizard (D:3)
  7 rats
68 creatures vanquished.

Vanquished Creatures (others)
  64 foxfires
64 creatures vanquished.

Grand Total: 132 creatures vanquished

Notes
Turn   | Place    | Note
-------+----------+-------------------------------------------
     0 | D:1      | wormed the Gnoll Fire Elementalist began the quest for the
                  | Orb.
     0 | D:1      | Reached XP level 1. HP: 13/13 MP: 6/6
   267 | D:1      | Reached XP level 2. HP: 9/19 MP: 4/7
   721 | D:1      | Found a faded altar of an unknown god.
  1130 | D:1      | Reached skill level 5 in Spellcasting
  1130 | D:1      | Reached XP level 3. HP: 3/25 MP: 6/9
  1134 | D:1      | Learned a level 2 spell: Scorch
  1518 | D:1      | Reached skill level 1 in Invocations
  1614 | D:2      | Reached skill level 1 in Fighting
  1614 | D:2      | Reached skill level 1 in Short Blades
  1614 | D:2      | Reached skill level 1 in Long Blades
  1614 | D:2      | Reached skill level 1 in Axes
  1614 | D:2      | Reached skill level 1 in Maces & Flails
  1614 | D:2      | Reached skill level 1 in Polearms
  1614 | D:2      | Reached skill level 1 in Staves
  1614 | D:2      | Reached skill level 1 in Ranged Weapons
  1614 | D:2      | Reached skill level 1 in Throwing
  1614 | D:2      | Reached skill level 1 in Armour
  1614 | D:2      | Reached skill level 1 in Shields
  1614 | D:2      | Reached skill level 1 in Unarmed Combat
  1614 | D:2      | Reached skill level 1 in Evocations
  1963 | D:2      | Reached XP level 4. HP: 12/32 MP: 0/11
  2497 | D:2      | Found a burning altar of Makhleb.
  2891 | D:3      | Reached skill level 1 in Hexes
  2891 | D:3      | Reached skill level 1 in Summonings
  2891 | D:3      | Reached skill level 1 in Necromancy
  2891 | D:3      | Reached skill level 1 in Translocations
  2891 | D:3      | Reached skill level 1 in Transmutations
  2891 | D:3      | Reached skill level 1 in Ice Magic
  2891 | D:3      | Reached skill level 1 in Air Magic
  2891 | D:3      | Reached skill level 1 in Earth Magic
  2891 | D:3      | Reached skill level 1 in Poison Magic
  3288 | D:4      | Reached XP level 5. HP: 18/37 MP: 0/12
  3673 | D:4      | Found a staircase to the Ecumenical Temple.
  3867 | Temple   | Entered the Ecumenical Temple
  4065 | D:4      | You fall into a shaft and drop 3 floors!
  4113 | D:7      | Found a broken altar of Ashenzari.
  4145 | D:7      | Reached XP level 6. HP: 19/44 MP: 3/13
  4154 | D:7      | Noticed a steam dragon
  4183 | D:7      | Noticed a +0 short sword
  4184 | D:7      | Noticed a +0 spear
  4185 | D:7      | Noticed a +0 short sword
  4185 | D:7      | Noticed a +0 dagger
  4185 | D:7      | Noticed a +0 falchion
  4186 | D:7      | Noticed a +0 falchion
  4186 | D:7      | Noticed a +0 dagger
  4186 | D:7      | Noticed a +0 spear
  4188 | D:7      | Found a hide-covered altar of Uskayaw.
  4205 | D:7      | Slain by a gnoll

Illustrated notes

Levels and vault maps discovered:
D:1:      dpeg_arrival_radiant, layout_basic, dreamdust_ecumenical_altar_grove,
          minmay_tetromino_t4
D:2:      layout_basic, basic_altar
D:3:      layout_rooms
D:4:      old_forge, layout_loops_ring, kennysheep_vampire_church,
          minmay_temple_entry_poolview, grunt_ministairs_10
D:7:      lemuel_bear_cage, layout_layer_cave, nicolae_uskayaw_en_pointe,
          mainiacjoe_overflow_tiny_flanked, xom_shifter_show, minivault_22,
          minmay_holes, uniq_menkaure
Temple:   hellmonk_temple_two_chambers

Skill      XL: |  1  2  3  4  5 |
---------------+----------------+-----
Conjurations   | 2 |  2.6
Spellcasting   | 5 |  5.3
Invocations    | 1 2 |  2.0
Fighting       | 1 |  1.8
Short Blades   | 1 |  1.8
Long Blades    | 1 |  1.8
Axes           | 1 |  1.8
Maces & Flails | 1 |  1.8
Polearms       | 1 |  1.8
Staves         | 1 |  1.8
Ranged Weapons | 1 |  1.8
Throwing       | 1 |  1.8
Armour         | 1 |  1.8
Shields        | 1 |  1.8
Unarmed Combat | 1 |  1.8
Evocations     | 1 |  1.8
Hexes          | 1 |  1.4
Summonings     | 1 |  1.4
Necromancy     | 1 |  1.4
Translocations | 1 |  1.4
Transmutations | 1 |  1.4
Ice Magic      | 1 |  1.4
Air Magic      | 1 |  1.4
Earth Magic    | 1 |  1.4
Poison Magic   | 1 |  1.4
Dodging        | |  4.9
Stealth        | |  4.5
Fire Magic     | |  5.6

Action                   |  1- 3 |  4- 6 || total
-------------------------+-------+-------++-------
Melee: Staff             |    21 |     5 ||    26
       Rapier            |     1 |       ||     1
       Unarmed           |     1 |       ||     1
       Bite              |     1 |     1 ||     2
       Punch             |     1 |       ||     1
 Cast: Foxfire           |    25 |    11 ||    36
       Scorch            |    16 |    38 ||    54
 Stab: Sleeping          |     1 |       ||     1
Armor: Robe              |     4 |     2 ||     6
Dodge: Dodged            |    21 |    19 ||    40
